 Dungeon Crawl Stone Soup version 0.24.0-13-gcf9b319 (webtiles) character file.

Game seed: 9716264027674544254, levelgen mode: deterministic

7385 Fang the Fighter (level 11, 0/72 HPs)
             Began as a Gargoyle Berserker on Nov 20, 2019.
             Was a High Priest of Trog.
             Killed by nerve-wracking pain
             ... invoked by an orc priest
              (3 damage)
             ... on level 10 of the Dungeon.
             The game lasted 00:10:01 (8636 turns).

Fang the Fighter (Gargoyle Berserker)               Turns: 8636, Time: 00:10:02

Health: 0/72       AC: 24    Str: 24    XL:     11   Next: 14%
Magic:  11/11      EV: 10    Int:  8    God:    Trog [*****.]
Gold:   672        SH:  0    Dex:  9    Spells: 10/10 levels left

rFire    . . .     SeeInvis .   a - +0 war axe
rCold    . . .     Gourm    +   (no shield)
rNeg     + . .     Faith    .   b - +0 plate armour
rPois    ∞         Spirit   .   C - +1 helmet
rElec    +         Reflect  .   (no cloak)
rCorr    +         Harm     .   (no gloves)
MR       .....                  (no boots)
Stlth    ..........             p - amulet of the gourmand
HPRegen  0.22/turn              L - ring of resist corrosion
MPRegen  0.12/turn              E - ring of attention (curse)

@: berserk cooldown, slowed, very slow
A: negative energy resistance 1, electricity resistance, unbreathing,
petrification resistance, rot immunity, AC +8
a: Berserk, Trog's Hand, Brothers in Arms, Renounce Religion


You were on level 10 of the Dungeon.
You worshipped Trog.
Trog was extremely pleased with you.
You were very full.

You visited 2 branches of the dungeon, and saw 11 of its levels.

You collected 672 gold pieces.

Inventory:

Hand Weapons
 a - a +0 war axe (weapon)
Armour
 b - a +0 plate armour (worn)
 C - a +1 helmet (worn)
Jewellery
 p - an amulet of the gourmand (around neck)
 q - an uncursed ring of protection from fire
 E - a cursed ring of attention (right hand)
 G - a +2 ring of protection
 L - a ring of resist corrosion (left hand)
Wands
 i - a wand of polymorph (16)
 D - a wand of flame (30)
 I - a wand of iceblast (4)
 K - a wand of random effects (18)
Scrolls
 d - a scroll of fog {unknown}
 g - 10 scrolls of remove curse {unknown}
 h - 2 scrolls of enchant armour {unknown}
 j - 10 scrolls of identify {unknown}
 l - 6 scrolls of magic mapping {unknown}
 o - a scroll of fear {unknown}
 t - 3 scrolls of amnesia {unknown}
 w - 2 scrolls of vulnerability {unknown}
 x - 4 scrolls of immolation {unknown}
 y - 2 scrolls of teleportation {unknown}
 B - 4 scrolls of enchant weapon {unknown}
 F - a scroll of torment {unknown}
 H - 2 scrolls of acquirement {unknown}
 J - a scroll of random uselessness {unknown}
 O - a scroll of noise {unknown}
Potions
 e - 2 potions of cancellation {unknown}
 f - 4 potions of might
 k - 3 potions of resistance {unknown}
 m - 7 potions of curing
 n - a potion of ambrosia {unknown}
 r - 5 potions of haste {unknown}
 s - 4 potions of brilliance {unknown}
 u - 5 potions of heal wounds
 v - a potion of degeneration {unknown}
 z - a potion of magic {unknown}
 A - a potion of lignification {unknown}
 M - a potion of agility {unknown}
Comestibles
 c - 17 rations


   Skills:
 + Level 9.8 Fighting
 + Level 8.2 Axes
 + Level 9.5 Armour
 + Level 7.3 Dodging


You had 10 spell levels left.
You didn't know any spells.
Your spell library was empty.

Dungeon Overview and Level Annotations

Branches:
Dungeon (10/15)            Temple (1/1) D:6            Lair (0/6) D:10
    Orc (0/2) D:10

Altars:
Fedhas
Gozag
Hepliaklqana
Kikubaaqudgha
Makhleb
Qazlal
Sif Muna
Uskayaw
Vehumet
Zin
Beogh

Annotations:
D:10 exclusion: orange crystal statue


Innate Abilities, Weirdness & Mutations

You are resistant to torment.
Your stone body is resilient. (AC +8)
You are immune to poison.
You resist negative energy. (rN+)
You are resistant to electric shocks. (rElec)
You can survive without breathing.
You are immune to petrification.
You are immune to rotting.


Message History

The orc warrior closely misses you.
You completely miss the orc warrior.
The orc warrior is almost dead.
The orc priest misses you.
You closely miss the orc warrior.
The orc warrior is almost dead.
The orc warrior hits you but does no damage.
The orc priest barely misses you.
You slash the orc warrior!
You kill the orc warrior!
Trog accepts your kill.
You are no longer berserk.
You are exhausted.
You feel yourself slow down.
The orc priest miscasts a cantrip.
Things that are here:
a +0 halberd; a +0 plate armour; an orc corpse The orc priest calls down the wrath of Beogh upon you.
Pain shoots through your body!
You die...

##...#..##.......
##......#........
#..............##
#.....###....<..#
##.........#.....
#######.......##....
#.....###.....#....#
#../..##............
#[.@..##.(......##..
#..).o#........(###.
###.))).#..........###
##.###'###...).().....#
###..#8...8#.)([(........
#............))).........
##......>................
##........##............
#..#.....####.....(.....


You could see an orc priest.

Vanquished Creatures
  Sonja (D:10)
  An unseen horror (D:10)
  A hippogriff (D:7)
  Sigmund (D:6)
  2 basilisks (D:10)
  A hungry ghost (D:4)
  A steam dragon (D:8)
  2 insubstantial wisps (D:8)
  A water moccasin (D:7)
  Edmund (D:5)
  2 porcupines (D:10)
  5 sky beasts
  5 orc warriors
  An eye of draining (D:10)
  2 necrophages
  2 ice beasts
  3 black bears (D:10)
  A phantom (D:9)
  3 centaurs
  2 wolves (D:10)
  3 ogres
  3 crocodiles
  5 bullfrogs
  2 wyvern zombies
  5 wights (D:8)
  3 howler monkeys
  3 crimson imps
  A centaur zombie (D:6)
  2 jellies (D:9)
  9 orc priests
  4 hounds
  A bullfrog skeleton (D:5)
  3 iguanas
  Natasha (D:2)
  11 orc wizards
  6 worker ants
  2 hound skeletons
  A worker ant zombie (D:7)
  11 adders
  3 gnolls (D:6)
  4 shadow imps
  3 oozes
  An adder zombie (D:8)
  3 worms
  3 dart slugs
  6 leopard geckos
  40 orcs
  11 giant cockroaches
  6 hobgoblins
  5 jackals
  11 kobolds
  3 quokkas
  3 bats (D:2)
  3 frilled lizards
  7 goblins
  A jackal skeleton (D:4)
  A quokka zombie (D:9)
  11 rats
  A plant (D:10)
240 creatures vanquished.

Notes
Turn   | Place    | Note
-------+----------+-------------------------------------------
     0 | D:1      | Fang the Gargoyle Berserker began the quest for the Orb.
     0 | D:1      | Reached XP level 1. HP: 14/14 MP: 1/1
   128 | D:1      | Reached XP level 2. HP: 16/19 MP: 2/2
   639 | D:2      | Reached XP level 3. HP: 17/23 MP: 3/3
   685 | D:2      | Found a faded altar of an unknown god.
   689 | D:2      | Reached ** piety under Trog
  1005 | D:2      | Reached XP level 4. HP: 18/29 MP: 4/4
  1253 | D:2      | Noticed Natasha
  1261 | D:2      | Killed Natasha
  1456 | D:2      | Found a hazy altar of Hepliaklqana.
  1456 | D:2      | Found a glowing silver altar of Zin.
  1456 | D:2      | Found a burning altar of Makhleb.
  1526 | D:2      | Found a shimmering blue altar of Sif Muna.
  1819 | D:3      | Reached XP level 5. HP: 29/33 MP: 5/5
  2128 | D:3      | Reached *** piety under Trog
  2325 | D:3      | Reached XP level 6. HP: 36/39 MP: 6/6
  2335 | D:3      | Found a radiant altar of Vehumet.
  2931 | D:4      | Found a hide-covered altar of Uskayaw.
  2940 | D:4      | Reached skill level 5 in Fighting
  3016 | D:4      | Found a transporter.
  3016 | D:4      | Noticed an orc warrior
  3016 | D:4      | Noticed a hungry ghost
  3017 | D:4      | Found a stormy altar of Qazlal.
  3035 | D:4      | Found a transporter.
  3107 | D:5      | Entered Level 5 of the Dungeon
  3412 | D:4      | Found an ancient bone altar of Kikubaaqudgha.
  3568 | D:4      | Reached XP level 7. HP: 39/44 MP: 7/7
  3698 | D:4      | Killed a hungry ghost
  4051 | D:5      | Reached skill level 5 in Armour
  4071 | D:5      | Reached **** piety under Trog
  4169 | D:5      | Reached XP level 8. HP: 51/51 MP: 8/8
  4254 | D:5      | Reached skill level 5 in Axes
  4335 | D:5      | Noticed Edmund
  4357 | D:5      | Killed Edmund
  4758 | D:6      | Noticed Sigmund
  4775 | D:6      | Killed Sigmund
  4864 | D:6      | Reached XP level 9. HP: 49/56 MP: 9/9
  4948 | D:6      | Reached skill level 5 in Dodging
  5185 | D:6      | Found a staircase to the Ecumenical Temple.
  5340 | Temple   | Entered the Ecumenical Temple
  6283 | D:8      | Reached XP level 10. HP: 39/64 MP: 10/10
  7594 | D:9      | Found an opulent altar of Gozag.
  7791 | D:10     | Entered Level 10 of the Dungeon
  7822 | D:10     | Found a staircase to the Lair.
  8060 | D:10     | Noticed Sonja
  8064 | D:10     | Reached ***** piety under Trog
  8075 | D:10     | Found a staircase to the Orcish Mines.
  8105 | D:10     | Killed Sonja
  8309 | D:10     | Killed an unseen horror
  8309 | D:10     | Reached XP level 11. HP: 52/72 MP: 11/11
  8316 | D:10     | Found a blossoming altar of Fedhas.
  8518 | D:10     | Noticed an orange crystal statue
  8601 | D:10     | Found a roughly hewn altar of Beogh.
  8623 | D:10     | HP: 3/108 [orc priest/divine providence (13)]
  8636 | D:10     | Killed from afar by an orc priest

Levels and vault maps discovered:
D:1:      dpeg_arrival_yet_another_circle, layout_basic
D:2:      layout_basic, gammafunk_temple_overflow_forgotten, led_sif_pool,
          chequers_ecumenical_altar_simple, uniq_natasha
D:3:      kennysheep_big_flooded_room, layout_rooms, vehumet_crystals,
          serial_bayou_crossing
D:4:      layout_gridville, eat_drink_and_be_merry_uskayaw,
          lemuel_coloured_pillars_altar, gammafunk_temple_overflow_arena,
          first_ration
D:5:      layout_basic, minivault_4, uniq_edmund
D:6:      layout_cave_pools, minmay_temple_entry_fiery, uniq_sigmund
D:7:      layout_rooms, grunt_ogre_cave, grunt_ministairs_14,
          hangedman_decor_points
D:8:      layout_cave_pools, chequers_serial_rivers_micro_e,
          hangedman_misty_isle
D:9:      layout_grid_maze, grunt_gozag_statues, kennysheep_path_1
D:10:     layout_cave_pools, minmay_lair_entry_grove,
          minmay_orc_entry_temple_small, serial_glass, glass_columns_a,
          glass_columns_a, minivault_16, skrybe_limestone_x, fedhas_altar_1,
          uniq_sonja
Temple:   nicolae_temple_god_jail

Skill      XL: |  1  2  3  4  5  6  7  8  9 10 |
---------------+-------------------------------+-----
Axes           | 3 4 5 6 8 |  8.2
Dodging        | 2 3 4 6 7 |  7.3
Armour         | 3 4 5 6 7 9 |  9.5
Fighting       | 4 5 6 8 9 |  9.8

Action                   |  1- 3 |  4- 6 |  7- 9 | 10-12 || total
-------------------------+-------+-------+-------+-------++-------
Melee: Hand axe          |    70 |       |       |       ||    70
       War axe           |    28 |   181 |   408 |   261 ||   878
Invok: Berserk           |       |     1 |     4 |     3 ||     8
       Trog's Hand       |       |       |     4 |     1 ||     5
  Use: Potion            |       |       |     1 |       ||     1
  Eat: Chunk             |       |    31 |    21 |    12 ||    64
       Ration            |       |       |     3 |       ||     3
Armor: Animal skin       |    39 |    14 |       |       ||    53
       Chain mail        |       |   109 |   382 |   214 ||   705
       Plate armour      |       |       |       |    79 ||    79
       Skin              |       |       |       |     1 ||     1
Dodge: Dodged            |    86 |   114 |   246 |   220 ||   666
